 Dungeon Crawl Stone Soup version 0.20-a0-2-g2b0e13a (webtiles) character file.

219159 mrath the Bludgeoner (level 18, -1/162 HPs)
             Began as a Minotaur Fighter on Oct 27, 2016.
             Was a High Priest of Okawaru.
             Slain by a wolf spider (18 damage)
             ... on level 4 of the Spider Nest on Oct 28, 2016.
             The game lasted 04:39:10 (44492 turns).

mrath the Bludgeoner (Minotaur Fighter)            Turns: 44492, Time: 04:39:11

Health: -1/162     AC: 28    Str: 33    XL:     18   Next: 43%
Magic:  25/25      EV: 18    Int:  5    God:    Okawaru [*****.]
Gold:   2147       SH: 15    Dex: 18    Spells: 0 memorised, 17 levels left

rFire  . . .     SeeInvis +     H - +8 mace of the Eternal Warrior {crush, Dex+4}
rCold  . . .     Gourm    .     g - +2 plate armour {rN+}
rNeg   + . .     Faith    .     b - +0 shield {reflect}
rPois  +         Spirit   .     i - +2 hat {SInv}
rElec  .         Reflect  +     u - +2 cloak
rCorr  .         Harm     .     a - +0 pair of gloves {Dex+3}
MR     ++...                    s - +1 pair of boots
Stlth  ..........               r - amulet of regeneration
                                x - ring of poison resistance
                                Q - ring of protection from magic

@: mighty, very slightly contaminated, hasted, very quick
A: retaliatory headbutt, horns 2
a: Heroism, Finesse, Renounce Religion
}: 1/15 runes: decaying


You were on level 4 of the Spider Nest.
You worshipped Okawaru.
Okawaru was extremely pleased with you.
You were hungry.

You visited 6 branches of the dungeon, and saw 32 of its levels.
You also visited: Ice Cave.

You collected 2863 gold pieces.
You spent 716 gold pieces at shops.

Inventory:

Hand Weapons
 H - the +8 mace of the Eternal Warrior (weapon) {crush, Dex+4}
   (Okawaru gifted it to you on level 1 of the Orcish Mines)

   It inflicts extra damage upon your enemies.
   It affects your dexterity (+4).
 V - a +6 eveningstar of protection
Missiles
 q - 5 poisoned tomahawks
 y - 8 tomahawks of returning
 I - 5 javelins of returning (quivered)
Armour
 a - a +0 pair of gloves of dexterity (worn)
 b - a +0 shield of reflection (worn)
 g - a +2 plate armour of positive energy (worn)
 i - a +2 hat of see invisible (worn)
 s - a +1 pair of boots (worn)
 u - a +2 cloak (worn)
Rods
 o - a +1 iron rod (9/9)
   (You found it on level 11 of the Dungeon)
Jewellery
 p - the ring "Guthel" {rC+ Int+2 SInv}
   (You found it on level 12 of the Dungeon)

   [ring of see invisible]

   It affects your intelligence (+2).
   It protects you from cold.
   It lets you see invisible.
 r - an amulet of regeneration (around neck)
 x - a ring of poison resistance (right hand)
 Q - a ring of protection from magic (left hand)
 X - an uncursed ring of protection from fire
Wands
 f - a wand of hasting (5/9)
 h - a wand of acid (12/15)
 j - a wand of digging (16/24)
 n - a wand of disintegration (15/24)
 E - a wand of teleportation (7/9)
 L - a wand of iceblast (15/15)
 Y - a wand of lightning (7/15)
Scrolls
 e - 7 scrolls of identify
 l - 5 scrolls of magic mapping
 m - 12 scrolls of remove curse
 t - 5 scrolls of teleportation
 F - 8 scrolls of fog
 O - 5 scrolls of blinking
Potions
 c - a potion of invisibility {unknown}
 d - 4 potions of might
 v - 9 potions of curing
 w - a potion of resistance
 G - 4 potions of agility
 M - 2 potions of haste
 N - 3 potions of berserk rage
 U - a potion of flight
Miscellaneous
 K - 2 boxes of beasts
Comestibles
 k - 19 fruits
 z - a chunk of flesh
 P - 2 beef jerkies


   Skills:
 + Level 14.9 Fighting
 + Level 16.5 Maces & Flails
 + Level 12.3 Throwing
 + Level 15.1 Armour
 + Level 13.8 Dodging
 + Level 14.6 Shields
 - Level 7.4 Invocations
 + Level 11.5 Evocations


You had 17 spell levels left.
You didn't know any spells.

Dungeon Overview and Level Annotations

Branches:
Dungeon (15/15)            Temple (1/1) D:7            Lair (6/6) D:10
  Swamp (4/4) Lair:4       Spider (4/4) Lair:4        Slime (0/5) Lair:5
    Orc (2/2) D:10            Elf (0/3) Orc:2        Vaults (0/5) D:13
 Depths (0/5) D:15

Altars:
Ashenzari
Cheibriados
Dithmenos
Elyvilon
Fedhas
Gozag
Hepliaklqana
Kikubaaqudgha
Makhleb
Nemelex Xobeh
Okawaru
Qazlal
Ru
Sif Muna
Trog
Uskayaw
Vehumet
Xom
Yredelemnul
Zin
The Shining One

Shops:
D:5 [   D:6 ?   D:8 [   D:9 :   D:15 [   Orc:1 }   Orc:2 !=[}

Annotations:
Lair:4 exclusion: oklob plant


Innate Abilities, Weirdness & Mutations

You reflexively headbutt those who attack you in melee.
You have a pair of horns on your head.


Message History

The moth of wrath barely misses you. You furiously retaliate!
You headbutt the moth of wrath! You block the wolf spider's attack.
The wolf spider closely misses you.
Okay, then.
Blink to where?
Press: ? - help, Dir - move target cursor, p - emperor scorpion You are very lightly contaminated with residual magic.
As you read the scroll of blinking, it crumbles to dust.
You feel yourself speed up.
An orb spider and an emperor scorpion come into view.
You hear an angry hiss.
The wolf spider rages.
The orb spider hisses angrily.
The wolf spider hits you but does no damage.
You block the wolf spider's attack.
You see here a demonic crawler corpse.
You block the wolf spider's attack. The wolf spider misses you.
You see here a wolf spider corpse.
The wolf spider hits you!!
You die...

.....................#
.....................#
.....................##
..........s...s.......#
#........s.§.y.(s....##
####........##########...#####
##.###########....^..s.....#.≈#
##....#.................†...s...
#......<^.......@s††..........#s
#..(.......†................#..#
#^.......................^.## ##
##.^......................##
##########......^........#
..^..^...........##
.....^............#
....................#
.....^.........†....#


You could see an emperor scorpion (berserk) and a wolf spider (berserk).

Vanquished Creatures
  Jorgrun (Swamp:2)
  Gastronok (D:8)
  Donald (Swamp:4)
  The ghost of wazuzu the Eclecticist, an adept DsNe of Kikubaaqudgha (Swamp:3)
  2 thorn hunters
  Roxanne (D:14)
  An azure jelly (Swamp:4)
  6 ghost moths
  An orc warlord (Orc:1)
  A ghost moth (shapeshifter) (D:13)
  6 emperor scorpions
  A reaper (IceCv)
  2 entropy weavers
  The ghost of esc the Grappler, a journeyman VSFi of Uskayaw (Orc:2)
  Snorg (D:13)
  A fire dragon (Lair:6)
  Harold (Lair:4)
  Fannar (D:12)
  21 hydras
  The ghost of varam the Severer, a journeyman GrFi of Okawaru (D:13)
  3 ice dragons (Swamp:4)
  A death knight (D:15)
  A centaur warrior (D:15)
  A catoblepas (D:15)
  Erica (D:8)
  A ghost crab (Swamp:4)
  2 tengu warriors
  11 alligators
  12 death yaks
  6 orc high priests (Orc:2)
  18 slime creatures
  A deep elf knight (Orc:2)
  2 skeletal warriors (D:15)
  An unseen horror (D:13)
  A fire crab (Lair:6)
  4 spriggan druids
  A phantasmal warrior (D:15)
  6 swamp dragons
  A necromancer (D:15)
  8 hill giants
  2 deep elf magi (D:12)
  15 orb spiders
  8 orc knights
  4 orc sorcerers
  8 ugly things
  3 cyclopes
  21 wolf spiders
  3 manticores
  3 elephants (Lair:5)
  2 ice statues (IceCv)
  9 black mambas
  Joseph (D:9)
  3 molten gargoyles (Lair:6)
  16 spiny frogs
  A gargoyle (D:15)
  5 rime drakes
  4 centaur skeletons
  4 freezing wraiths (Swamp:4)
  12 komodo dragons
  16 demonic crawlers
  9 ice devils (IceCv)
  An efreet (D:13)
  6 meliai
  11 trolls
  26 jumping spiders
  A hornet (shapeshifter) (D:13)
  6 tyrant leeches
  8 polar bears
  13 hornets
  5 two-headed ogres
  A fire dragon zombie (D:15)
  A blink frog (shapeshifter) (D:13)
  34 blink frogs
  An ice dragon zombie (D:15)
  8 bog bodies
  A hippogriff (shapeshifter) (D:14)
  10 hippogriffs
  A centaur simulacrum (D:14)
  83 redbacks
  9 spriggans
  A spriggan skeleton (D:15)
  3 shadows
  2 wyverns
  71 yaks
  An ettin skeleton (D:15)
  A vampire (D:14)
  13 tarantellas
  Grum (D:8)
  9 basilisks
  A steam dragon (Lair:6)
  21 vampire mosquitoes
  A hungry ghost (D:14)
  6 insubstantial wisps (Swamp:4)
  5 swamp worm simulacra (Swamp:4)
  18 swamp worms
  10 wargs
  2 mottled dragons
  A soldier ant (D:15)
  6 water moccasins
  14 hydra simulacra (Swamp:4)
  5 hell hounds
  20 porcupines
  51 orc warriors
  A sky beast (D:13)
  2 ice beasts
  5 swamp drakes
  2 phantoms
  10 black bears
  3 eyes of draining
  A necrophage (D:7)
  18 ogres
  15 centaurs
  29 wolves
  9 crocodiles
  A big kobold (D:14)
  28 bullfrogs
  A gnoll sergeant (D:9)
  A wyvern skeleton (D:13)
  3 scorpions
  7 killer bees
  11 wights
  2 electric eels
  5 lava snakes (Lair:6)
  6 crimson imps
  4 centaur zombies
  5 howler monkeys
  3 bullfrog zombies
  5 hounds
  8 jellies
  2 gnoll shamans (D:14)
  32 orc wizards
  37 orc priests
  4 iguanas
  3 bullfrog skeletons
  Natasha (thrice) (D:2)
  8 worker ants
  2 killer bee zombies
  2 worker ant zombies
  15 gnolls
  A river rat (D:5)
  21 adders
  2 shadow imps
  17 white imps
  11 ufetubi (IceCv)
  6 oozes
  3 swamp drake simulacra (Swamp:4)
  An adder zombie (D:7)
  4 worms
  A dart slug (D:3)
  6 leopard geckos
  121 orcs
  7 bats
  9 giant cockroaches
  12 goblins
  9 hobgoblins
  13 jackals
  4 quokkas
  3 ball pythons
  5 frilled lizards
  10 kobolds
  A quokka skeleton (D:6)
  10 rats
  2 briar patches (Swamp:3)
  4 fungi (D:14)
  3 plants (D:14)
1351 creatures vanquished.

Vanquished Creatures (others)
  A centaur warrior (D:14)
  A bog body (Swamp:4)
  8 centaurs
  A gnoll (D:14)
  A white imp (IceCv)
  4 ufetubi (IceCv)
  A briar patch (Swamp:3)
  9 fungi
  5 plants
  7 toadstools (Swamp:1)
  5 withered plants (D:15)
43 creatures vanquished.

Grand Total: 1394 creatures vanquished

Notes
Turn   | Place    | Note
-------+----------+-------------------------------------------
     0 | D:1      | mrath the Minotaur Fighter began the quest for the Orb.
     0 | D:1      | Reached XP level 1. HP: 19/19 MP: 0/0
    60 | D:1      | Reached skill level 3 in Maces & Flails
   242 | D:1      | Reached XP level 2. HP: 26/26 MP: 1/1
   768 | D:2      | Reached skill level 4 in Maces & Flails
   854 | D:2      | Reached XP level 3. HP: 31/31 MP: 2/2
  1010 | D:2      | Found a sparkling altar of Nemelex Xobeh.
  1010 | D:2      | Found a deep blue altar of Sif Muna.
  1316 | D:2      | Reached skill level 5 in Maces & Flails
  1409 | D:2      | Reached XP level 4. HP: 39/39 MP: 3/3
  1560 | D:2      | Noticed Natasha
  1564 | D:2      | Killed Natasha
  1566 | D:2      | Reached skill level 6 in Maces & Flails
  1680 | D:2      | Noticed Natasha
  1688 | D:2      | Killed Natasha
  1688 | D:2      | Reached XP level 5. HP: 16/45 MP: 4/4
  1867 | D:2      | Noticed Natasha
  1876 | D:2      | Killed Natasha
  2241 | D:3      | Reached skill level 7 in Maces & Flails
  2606 | D:3      | Reached XP level 6. HP: 22/51 MP: 5/5
  2869 | D:3      | Found a shadowy altar of Dithmenos.
  3152 | D:3      | Found a sacrificial altar of Ru.
  3193 | D:4      | Reached skill level 8 in Maces & Flails
  3714 | D:5      | Entered Level 5 of the Dungeon
  3925 | D:5      | Reached XP level 7. HP: 51/58 MP: 6/6
  4066 | D:5      | Reached skill level 1 in Throwing
  4066 | D:5      | Reached skill level 1 in Dodging
  4066 | D:5      | Reached skill level 1 in Evocations
  4196 | D:5      | Found Huyc's Antique Armour Boutique.
  4662 | D:6      | Found Yjoqoyva's Magic Scroll Shoppe.
  4668 | D:6      | Bought a scroll of identify for 22 gold pieces
  4668 | D:6      | Bought a scroll of identify for 22 gold pieces
  4668 | D:6      | Bought a scroll of remove curse for 33 gold pieces
  4668 | D:6      | Bought a scroll of teleportation for 33 gold pieces
  4668 | D:6      | Bought a scroll of random uselessness for 11 gold pieces
  4687 | D:6      | Reached skill level 9 in Maces & Flails
  4738 | D:6      | Found an iron altar of Okawaru.
  4782 | D:6      | Became a worshipper of Warmaster Okawaru
  5038 | D:6      | Reached XP level 8. HP: 67/67 MP: 8/8
  5135 | D:7      | Reached skill level 5 in Fighting
  5374 | D:7      | Reached * piety under Okawaru
  5374 | D:7      | Reached skill level 5 in Armour
  5477 | D:7      | Found a staircase to the Ecumenical Temple.
  5485 | Temple   | Entered the Ecumenical Temple
  5955 | D:7      | Reached skill level 5 in Shields
  6161 | D:8      | Found Soatuog's Antique Armour Shop.
  6168 | D:8      | Noticed Grum
  6179 | D:8      | Reached XP level 9. HP: 39/75 MP: 8/10
  6182 | D:8      | Killed Grum
  6527 | D:8      | Noticed Gastronok
  6702 | D:8      | Reached ** piety under Okawaru
  7000 | D:8      | Found a bloodstained altar of Trog.
  7223 | D:8      | Killed Gastronok
  7223 | D:8      | Reached *** piety under Okawaru
  7223 | D:8      | Reached **** piety under Okawaru
  7223 | D:8      | Reached skill level 10 in Maces & Flails
  7223 | D:8      | Reached skill level 5 in Dodging
  7223 | D:8      | Reached XP level 10. HP: 22/86 MP: 9/12
  7564 | D:8      | Noticed Erica
  7576 | D:8      | Killed Erica
  7604 | D:8      | Reached skill level 5 in Throwing
  7669 | D:8      | Got a steaming bardiche {freeze}
  7770 | D:8      | Identified the +3 bardiche of the Viper {freeze, +Inv} (You took it off an orc priest on level 8 of the Dungeon)
  8519 | D:9      | Received a gift from Okawaru
  8599 | D:9      | Found Ollellat's Book Shop.
  8619 | D:9      | Noticed Joseph
  8630 | D:9      | Killed Joseph
  9036 | D:9      | Found a burning altar of Makhleb.
  9043 | D:9      | Reached skill level 1 in Invocations
  9175 | D:10     | Entered Level 10 of the Dungeon
  9221 | D:10     | Received a gift from Okawaru
  9523 | D:10     | Reached XP level 11. HP: 94/94 MP: 13/13
  9628 | D:10     | Reached skill level 11 in Maces & Flails
  9730 | D:10     | Found a staircase to the Lair.
  9761 | D:10     | Received a gift from Okawaru
  9817 | D:10     | Noticed a hill giant
  9823 | D:10     | Killed a hill giant
  9823 | D:10     | Reached skill level 5 in Evocations
 10231 | D:10     | Found a staircase to the Orcish Mines.
 10275 | D:10     | Reached ***** piety under Okawaru
 10333 | Lair:1   | Entered Level 1 of the Lair of Beasts
 10896 | Lair:1   | Received a gift from Okawaru
 11149 | Lair:1   | Noticed a five-headed hydra
 11209 | Lair:1   | Killed a five-headed hydra
 11209 | Lair:1   | Received a gift from Okawaru
 12552 | Lair:2   | Reached XP level 12. HP: 92/104 MP: 15/15
 13723 | Lair:3   | Reached skill level 12 in Maces & Flails
 13756 | Lair:3   | Noticed a death yak
 13757 | Lair:3   | Noticed a death yak
 13758 | Lair:3   | Noticed a death yak
 13783 | Lair:2   | Killed a death yak
 13783 | Lair:2   | Reached ****** piety under Okawaru
 13783 | Lair:2   | Received a gift from Okawaru
 13786 | Lair:2   | Got a dazzling longbow {god gift}
 14443 | Lair:3   | Noticed a seven-headed hydra
 14457 | Lair:3   | Killed a seven-headed hydra
 14459 | Lair:3   | Reached skill level 5 in Invocations
 14539 | Lair:3   | Killed a death yak
 14539 | Lair:3   | Received a gift from Okawaru
 14551 | Lair:3   | Killed a death yak
 14754 | Lair:3   | Received a gift from Okawaru
 15233 | Lair:4   | Reached skill level 10 in Fighting
 15584 | Lair:4   | Found a hole to the Spider Nest.
 15820 | Lair:4   | Noticed Harold
 15839 | Lair:4   | Killed Harold
 15839 | Lair:4   | Reached XP level 13. HP: 90/113 MP: 10/17
 15895 | Lair:4   | Reached skill level 10 in Armour
 15904 | Lair:4   | Found a staircase to the Swamp.
 16235 | Lair:4   | Reached skill level 10 in Shields
 16671 | Lair:5   | Found a staircase to the Slime Pits.
 18708 | D:11     | Reached skill level 13 in Maces & Flails
 19352 | Orc:1    | Entered Level 1 of the Orcish Mines
 19535 | Orc:1    | Found Jukitel's Gadget Shoppe.
 19774 | Orc:2    | Entered Level 2 of the Orcish Mines
 19859 | Orc:2    | Found a staircase to the Elven Halls.
 19899 | Orc:2    | Noticed esc's ghost (journeyman VSFi)
 19920 | Orc:2    | Killed esc's ghost
 20656 | Orc:1    | Received a gift from Okawaru
 20675 | Orc:1    | Got a scorched mace {god gift}
 20686 | Orc:1    | Identified the +8 mace of the Eternal Warrior {crush, Dex+4} (Okawaru gifted it to you on level 1 of the Orcish Mines)
 21113 | Orc:2    | Reached XP level 14. HP: 122/122 MP: 18/18
 22567 | Orc:2    | Noticed an orc warlord
 22635 | Orc:1    | Killed an orc warlord
 22635 | Orc:1    | Reached skill level 10 in Dodging
 23001 | Orc:2    | Received a gift from Okawaru
 23114 | Orc:2    | Found Ugyn's Gadget Emporium.
 23114 | Orc:2    | Found Ticusul's Distillery.
 23115 | Orc:2    | Found Fuinge's Armour Emporium.
 23115 | Orc:2    | Found Byachah's Jewellery Shoppe.
 23126 | Orc:2    | Bought a potion of curing for 39 gold pieces
 23126 | Orc:2    | Bought a potion of curing for 39 gold pieces
 23126 | Orc:2    | Bought 2 potions of curing for 78 gold pieces
 23126 | Orc:2    | Bought a potion of curing for 39 gold pieces
 23131 | Orc:2    | Bought a +6 amulet of reflection for 400 gold pieces
 23538 | Lair:4   | Received a gift from Okawaru
 23917 | Lair:6   | Entered Level 6 of the Lair of Beasts
 24405 | Lair:6   | Received a gift from Okawaru
 24583 | Lair:6   | Reached skill level 14 in Maces & Flails
 24931 | Lair:6   | Received a gift from Okawaru
 24931 | Lair:6   | Reached XP level 15. HP: 87/132 MP: 12/20
 25998 | Lair:6   | Received a gift from Okawaru
 26027 | Lair:6   | Found a large runed door.
 26651 | Lair:6   | Found a large runed door.
 27561 | D:12     | Got a glittering pewter ring
 27562 | D:12     | Identified the ring "Guthel" {rC+ Int+2 SInv} (You found it on level 12 of the Dungeon)
 27678 | D:12     | Got a pitted quarterstaff
 27717 | D:12     | Noticed Fannar
 27751 | D:12     | Killed Fannar
 27963 | D:13     | Reached skill level 10 in Throwing
 28113 | D:13     | Received a gift from Okawaru
 28311 | D:13     | Noticed varam's ghost (journeyman GrFi)
 28342 | D:13     | Killed varam's ghost
 28401 | D:13     | Noticed a ghost moth
 28401 | D:13     | a satyr changed into a ghost moth
 28408 | D:13     | Killed a ghost moth
 28408 | D:13     | Received a gift from Okawaru
 28443 | D:13     | Got a dazzling great mace {god gift}
 28875 | D:13     | Found a gate to the Vaults.
 28946 | D:14     | Noticed Snorg
 28961 | D:13     | Killed Snorg
 29115 | D:14     | Noticed Roxanne
 29160 | D:14     | Found a frozen archway.
 29237 | IceCv    | Entered an ice cave
 30678 | D:14     | Reached XP level 16. HP: 112/141 MP: 19/22
 30809 | D:15     | Entered Level 15 of the Dungeon
 30818 | D:15     | Received a gift from Okawaru
 30998 | D:15     | Reached skill level 15 in Maces & Flails
 31441 | D:15     | Found Fiol's Armour Emporium.
 31535 | D:14     | Killed Roxanne
 31536 | D:14     | Identified Roxanne's Volume of Transmutation (You took it off Roxanne on level 14 of the Dungeon)
 31812 | Lair:2   | Upgraded the game from 0.20-a0 to 0.20-a0-2-g2b0e13a
 32037 | D:15     | Found a staircase to the Depths.
 32858 | Swamp:1  | Entered Level 1 of the Swamp
 33023 | Swamp:1  | Received a gift from Okawaru
 33024 | Swamp:1  | Noticed a thorn hunter
 33035 | Swamp:1  | Killed a thorn hunter
 33364 | Swamp:1  | Reached skill level 10 in Evocations
 34299 | Swamp:2  | You fall through a shaft!
 34807 | Swamp:2  | Noticed Jorgrun
 34817 | Swamp:2  | Killed Jorgrun
 35090 | Swamp:3  | Received a gift from Okawaru
 35163 | Swamp:3  | Noticed wazuzu's ghost (adept DsNe)
 35205 | Swamp:3  | Killed wazuzu's ghost
 35520 | Swamp:3  | Noticed a thorn hunter
 35909 | Swamp:3  | Received a gift from Okawaru
 36117 | Swamp:3  | Killed a thorn hunter
 36355 | Swamp:3  | Reached XP level 17. HP: 138/151 MP: 23/23
 36777 | Swamp:3  | Received a gift from Okawaru
 37075 | Swamp:4  | Entered Level 4 of the Swamp
 37215 | Swamp:4  | Noticed Donald
 37230 | Swamp:4  | Received a gift from Okawaru
 37250 | Swamp:4  | Killed Donald
 38685 | Swamp:4  | Received a gift from Okawaru
 38767 | Swamp:4  | Reached skill level 16 in Maces & Flails
 38795 | Swamp:4  | Got a decaying rune of Zot
 39108 | Spider:1 | Entered Level 1 of the Spider Nest
 39141 | Spider:1 | Received a gift from Okawaru
 40140 | Spider:2 | You fall through a shaft!
 41267 | Spider:2 | Got a crystal spear
 42008 | Lair:2   | Identified the +6 spear of the Saviour {flame, Str+2} (You found it on level 2 of the Spider Nest)
 43306 | Spider:4 | Entered Level 4 of the Spider Nest
 43316 | Spider:4 | Reached XP level 18. HP: 160/161 MP: 25/25
 43318 | Spider:4 | Received a gift from Okawaru
 43658 | Spider:4 | Paralysed by a hornet for 3 turns
 43664 | Spider:4 | Received a gift from Okawaru
 43836 | Spider:4 | Reached skill level 15 in Armour
 43956 | Spider:3 | Received a gift from Okawaru
 44492 | Spider:4 | Slain by a wolf spider

Vault maps used:
D:1:      eino_arrival_cavern_a
D:2:      kennysheep_six_static_rooms, gammafunk_temple_overflow_wave,
          first_bread, kennysheep_potato, uniq_natasha
D:3:      lemuel_crystal_altar, nicolae_overflow_hidden_temple,
          guppyfry_early_orc_mine
D:5:      serial_shops, shop, portal_sewer_entry_b
D:6:      black_bear_nest_1, okawaru_altar_gauntlet_db, serial_shops,
          nicolae_shop_statue_plus
D:7:      the_bakery
D:8:      trog_eyes_of_draining, serial_shops, shop, uniq_erica, uniq_grum,
          uniq_gastronok
D:9:      lightli_temple_of_fire, serial_shops, kennysheep_little_box,
          uniq_joseph
D:10:     erik_lair_orcish_takeover, hiddenorc1_lemuel,
          small_statue_intersection
D:12:     uniq_fannar
D:13:     minmay_bloctagon_deflated, david_vaults_2
D:14:     kennysheep_seaside_town, serial_ice, serial_ice_l, serial_ice_c,
          serial_ice_a, serial_ice_f, nicolae_benzene_ring,
          portal_ice_cave_entry_imps, uniq_roxanne, uniq_snorg
D:15:     gammafunk_depths_entry_grave, minmay_fountain_box, serial_shops, shop
Temple:   minmay_temple_curvy_branch
Lair:1:   st_stairs_5
Lair:2:   beast_lair_carwin_large_4, st_stairs_4
Lair:3:   beast_lair_carwin_8
Lair:4:   swamp_mist, spider_nest_entry_webs, bh_autumn_forest_stairs,
          lemuel_fruit_tree, uniq_harold
Lair:5:   nicolae_slime_entry_slimehenge, ldierk_geyser, serial_bayou_shore_b,
          serial_bayou_shore_b, grunt_megastairs_3, infiniplex_staircase_pool_2
Lair:6:   cheibrodos_lair_end_hotspot
Swamp:1:  cheibrodos_swamp_tower_of_moss, hangedman_swamp_cone
Swamp:2:  hangedman_swamp_ruin_hall, swamp_pool1, uniq_jorgrun
Swamp:3:  infiniplex_staircase_pool
Swamp:4:  swamp_icy, swamp_pool1, hangedman_swamp_diagram, uniq_donald
Spider:1: hangedman_spider_tarantella_strand
Spider:4: guppyfry_spider_rune, spider_trap
Orc:1:    serial_shops, nicolae_shop_crystal
Orc:2:    st_orc_pillars
IceCv:    ice_cave_small_demon

Skill      XL: |  1  2  3  4  5  6  7  8  9 10 11 12 13 14 15 16 17 18 |
---------------+-------------------------------------------------------+-----
Maces & Flails | 3 4 5 6 7 8 9 10 11 12 13 14 15 16 | 16.5
Fighting       | 4 5 7 8 9 10 11 12 13 14 | 14.9
Armour         | 4 5 7 9 11 13 14 15 | 15.1
Shields        | 4 5 6 7 8 9 10 11 12 13 14 | 14.6
Throwing       | 1 3 4 5 6 7 8 9 10 11 12 | 12.3
Dodging        | 2 3 5 6 7 8 9 10 11 12 13 | 13.8
Evocations     | 1 2 4 5 6 7 8 9 10 11 | 11.5
Invocations    | 1 3 5 6 7 |  7.4

Action                   |  1- 3 |  4- 6 |  7- 9 | 10-12 | 13-15 | 16-18 || total
-------------------------+-------+-------+-------+-------+-------+-------++-------
Melee: Flail             |   114 |   159 |       |       |   184 |       ||   457
       Headbutt          |    11 |    23 |    44 |   175 |   490 |   554 ||  1297
       Morningstar       |       |    11 |   242 |   798 |   350 |       ||  1401
       Mace              |       |       |       |       |  1313 |  1754 ||  3067
Throw: Stone             |       |     7 |       |       |       |       ||     7
       Tomahawk          |       |     7 |     3 |       |    35 |       ||    45
       Javelin           |       |       |     5 |    51 |    27 |   146 ||   229
       Throwing net      |       |       |       |       |     3 |       ||     3
Invok: Heroism           |       |       |     1 |    27 |    50 |    34 ||   112
       Finesse           |       |       |       |     4 |    11 |    10 ||    25
Evoke: Wand              |       |       |       |       |       |     1 ||     1
  Use: Scroll            |       |     1 |     3 |    11 |    16 |    12 ||    43
       Potion            |       |       |     1 |     3 |     3 |     7 ||    14
  Eat: Chunk             |     2 |     8 |     8 |    20 |    43 |    35 ||   116
       Beef jerky        |       |       |     2 |       |       |     2 ||     4
       Fruit             |       |       |       |     1 |     2 |     3 ||     6
       Meat ration       |       |       |       |     1 |       |       ||     1
       Bread ration      |       |       |       |     1 |       |     1 ||     2
       Pizza             |       |       |       |       |     1 |       ||     1
Armor: Scale mail        |    56 |    74 |     8 |       |       |       ||   138
       Chain mail        |       |       |    96 |    21 |       |       ||   117
       Plate armour      |       |       |       |   419 |   562 |   648 ||  1629
Dodge: Dodged            |    32 |    48 |    59 |   266 |   603 |   901 ||  1909
Block: Shield            |    54 |    77 |   121 |   536 |  1544 |  1683 ||  4015
       Reflection        |       |       |       |       |    50 |    22 ||    72
